Map: [ESL] Hecate

Players

MaNa

  • Race: Protoss Protoss
  • Spawn Location: 1:00

Creator - Winner!

  • Race: Protoss Protoss
  • Spawn Location: 7:00

Event: ESL SC2 Masters 2023 Winter (Finals)

VOD

Have the link to the VOD?

Description

Time

  • Played on: Dec. 15, 2023, 11:50 a.m.
  • Length: 15:00

All games in this series

Show
View Real Time Build Order
Export as new Build Order

MaNa Protoss 

Build Orders:  

Get SALT Encoding   

  12  0:00  Probe  
  13  0:12  Probe  
  14  0:17  Pylon  
  14  0:24  Probe  
  15  0:35  Gateway  
  15  0:36  Probe (Chrono Boost)  
  16  0:46  Probe (Chrono Boost)  
  16  0:47  Assimilator  
  17  0:51  Probe (Chrono Boost)  
  17  0:55  Assimilator  
  18  1:03  Probe (Chrono Boost)  
  19  1:07  Gateway  
  20  1:12  Probe (Chrono Boost)  
  20  1:17  Probe (Chrono Boost)  
  20  1:23  Cybernetics Core  
  21  1:29  Probe  
  22  1:36  Pylon  
  22  1:41  Probe  
  23  1:54  Probe  
  24  1:59  Warp Gate, Stalker  
  26  2:04  Adept  
  26  2:07  Probe  
  29  2:15  Pylon  
  29  2:19  Probe  
  30  2:31  Probe  
  30  2:36  Adept x2  
  35  2:43  Probe  
  35  2:59  Nexus  
  35  3:05  Nexus  
  35  3:08  Probe  
  36  3:12  Sentry  
  36  3:18  Pylon  
  38  3:20  Probe  
  39  3:33  Probe  
  35  3:42  Twilight Council  
  35  3:45  Probe  
  35  3:47  Stalker x2  
  40  3:56  Pylon  
  40  4:03  Probe  
  40  4:08  Gateway  
  33  4:13  Stalker  
  33  4:16  Stalker  
  37  4:17  Blink (Chrono Boost)  
  37  4:19  Probe  
  38  4:32  Probe  
  38  4:34  Probe (Chrono Boost)  
  38  4:37  Sentry  
  42  4:39  Sentry  
  45  4:46  Probe (Chrono Boost)  
  45  4:47  Phoenix  
  45  4:50  Probe (Chrono Boost)  
  45  4:51  Shield Battery  
  46  4:55  Probe (Chrono Boost)  
  44  5:00  Probe x2 (Chrono Boost)  
  44  5:09  Stalker x2  
  44  5:12  Probe (Chrono Boost)  
  44  5:13  Probe (Chrono Boost)  
  44  5:14  Stalker  
  52  5:18  Probe x2 (Chrono Boost)  
  54  5:23  Robotics Facility  
  54  5:26  Probe  
  54  5:27  Probe  
  56  5:32  Pylon  
  56  5:38  Probe  
  56  5:39  Probe  
  58  5:43  Stalker x2  
  62  5:50  Probe  
  62  5:53  Shield Battery  
  62  5:54  Stalker  
  65  5:58  Probe  
  65  6:01  Pylon  
  67  6:06  Adept x2  
  70  6:19  Observer, Probe  
  70  6:21  Nexus  
  72  6:29  Probe  
  72  6:31  Stalker x2  
  77  6:35  Probe  
  78  6:41  Phoenix  
  78  6:42  Forge  
  78  6:57  Pylon  
  78  7:03  Assimilator  
  78  7:10  Protoss Ground Weapons Level 1 (Chrono Boost)  
  78  7:13  Immortal (Chrono Boost)  
  78  7:14  Gateway  
  78  7:15  Shield Battery, Probe x2  
  84  7:26  Pylon  
  84  7:27  Probe x2  
  86  7:39  Probe x2  
  86  7:43  Probe  
  87  7:44  Immortal (Chrono Boost)  
  91  7:51  Sentry, Probe x2  
  91  7:54  Assimilator  
  91  7:56  Probe  
  96  8:03  Probe x2  
  98  8:08  Gateway, Shield Battery, Probe  
  98  8:09  Gateway  
  98  8:11  Gateway  
  99  8:14  Stalker x2  
  99  8:15  Probe x2  
  99  8:17  Stalker  
  107  8:22  Pylon  
  105  8:40  Probe x2  
  105  8:41  Stalker, Pylon  
  108  8:43  Stalker  
  108  8:45  Pylon  
  108  8:47  Pylon  
  109  8:48  Photon Cannon  
  109  8:50  Photon Cannon  
  109  8:54  Observer  
  109  8:55  Protoss Ground Weapons Level 2 (Chrono Boost)  
  109  9:00  Pylon  
  109  9:01  Stalker x2  
  113  9:05  Stalker x3  
  113  9:06  Stalker x2  
  123  9:28  Nexus  
  123  9:33  Stalker x6  
  134  9:39  Shield Battery  
  134  9:43  Stalker  
  134  9:46  Pylon  
  134  9:48  Pylon  
  134  9:52  Shield Battery  
  134  9:56  Pylon  
  134  10:04  Stalker x5  
  134  10:06  Observer (Chrono Boost)  
  145  10:10  Assimilator  
  145  10:18  Pylon  
  145  10:19  Observer (Chrono Boost)  
  146  10:22  Stalker x2  
  146  10:27  Pylon  
  150  10:37  Charge  
  149  10:45  Zealot x4  
  149  10:48  Photon Cannon  
  157  10:54  Protoss Ground Weapons Level 3 (Chrono Boost)  
  157  10:59  Stalker x3  
  163  11:15  Stalker x4  
  143  11:26  Stalker x3  
  149  11:38  Stalker x4  
  155  11:40  Assimilator  
  153  11:49  Shield Battery  
  153  11:53  Zealot x3  
  157  11:58  Probe  
  157  11:59  Assimilator  
  157  12:00  Forge  
  158  12:05  Probe x2  
  158  12:07  Stalker x4  
  168  12:13  Probe  
  157  12:25  Probe x4  
  157  12:27  Zealot x3  
  163  12:30  Observer (Chrono Boost)  
  163  12:32  Stalker x4  
  163  12:33  Protoss Ground Armor Level 1 (Chrono Boost)  
  171  12:37  Probe  
  171  12:40  Pylon x2  
  172  12:47  Photon Cannon  
  135  13:17  Stalker x7  
  120  13:28  Gateway  
  116  13:41  Stalker x5  
  106  13:42  Stalker x2  
  77  14:05  Stalker x7  
  76  14:24  Zealot  
  76  14:26  Stalker  
  76  14:28  Stalker x3  
  76  14:29  Stalker x3  
  66  14:47  Stalker  
  66  14:52  Stalker x5  
  57  14:53  Stalker  
  57  14:54  Stalker  
Show
View Real Time Build Order
Export as new Build Order

Creator Protoss - Winner!

Build Orders:  

Get SALT Encoding   

  12  0:00  Probe  
  13  0:12  Probe  
  14  0:17  Pylon  
  14  0:24  Probe (Chrono Boost)  
  15  0:36  Probe (Chrono Boost)  
  15  0:37  Gateway  
  16  0:44  Probe (Chrono Boost)  
  16  0:45  Assimilator  
  17  0:51  Probe  
  18  0:59  Assimilator  
  18  1:03  Probe (Chrono Boost)  
  19  1:07  Gateway  
  19  1:12  Probe (Chrono Boost)  
  19  1:17  Probe (Chrono Boost)  
  20  1:24  Cybernetics Core  
  21  1:29  Probe  
  22  1:34  Pylon  
  22  1:41  Probe  
  23  1:53  Probe  
  24  2:00  Stalker  
  24  2:01  Warp Gate  
  28  2:05  Sentry  
  28  2:09  Shield Battery  
  28  2:12  Pylon  
  28  2:28  Stalker, Pylon  
  30  2:30  Stalker  
  32  2:48  Nexus  
  32  2:53  Probe  
  32  2:58  Shield Battery  
  33  3:02  Sentry  
  33  3:03  Sentry  
  37  3:07  Probe  
  38  3:15  Pylon  
  38  3:19  Probe  
  39  3:23  Shield Battery  
  38  3:31  Probe  
  37  3:43  Probe  
  37  3:46  Twilight Council  
  38  3:48  Adept x2  
  42  3:55  Probe  
  38  4:04  Probe (Chrono Boost)  
  38  4:08  Probe (Chrono Boost)  
  38  4:16  Probe (Chrono Boost)  
  39  4:17  Blink (Chrono Boost)  
  39  4:19  Probe (Chrono Boost)  
  39  4:22  Probe (Chrono Boost)  
  39  4:23  Stalker  
  43  4:26  Probe  
  43  4:30  Probe  
  45  4:34  Gateway  
  45  4:39  Stalker, Phoenix  
  47  4:48  Stalker  
  47  4:49  Probe x2  
  51  5:01  Robotics Facility, Probe x2  
  51  5:06  Stalker  
  51  5:11  Stalker  
  51  5:14  Probe (Chrono Boost)  
  55  5:16  Pylon  
  55  5:18  Probe (Chrono Boost)  
  55  5:24  Probe (Chrono Boost)  
  55  5:28  Stalker, Probe (Chrono Boost), Assimilator, Phoenix  
  57  5:32  Pylon  
  59  5:37  Probe  
  60  5:48  Stalker x2  
  60  5:49  Observer (Chrono Boost)  
  65  5:52  Nexus  
  65  5:56  Probe x2  
  67  5:59  Pylon  
  67  6:08  Immortal (Chrono Boost)  
  67  6:10  Probe  
  67  6:11  Probe  
  73  6:18  Shield Battery, Stalker  
  75  6:25  Probe, Forge  
  76  6:27  Probe  
  76  6:32  Stalker  
  79  6:41  Probe  
  79  6:42  Probe  
  80  6:52  Protoss Ground Weapons Level 1 (Chrono Boost), Stalker x2  
  80  6:54  Probe x2  
  86  6:55  Pylon  
  86  6:57  Pylon  
  86  7:04  Probe  
  86  7:05  Shield Battery  
  86  7:06  Sentry, Probe  
  90  7:09  Probe  
  90  7:11  Observer  
  90  7:12  Charge  
  90  7:14  Gateway  
  92  7:17  Gateway  
  92  7:19  Probe  
  92  7:21  Probe  
  94  7:25  Observer  
  94  7:32  Gateway  
  94  7:33  Probe  
  94  7:34  Zealot x2, Gateway, Phoenix  
  99  7:37  Gateway  
  99  7:40  Templar Archives  
  99  7:43  Warp Prism  
  101  7:49  Assimilator, Probe  
  102  7:51  Pylon  
  102  7:54  Probe  
  102  7:58  Zealot x2  
  107  8:03  Zealot  
  109  8:07  Pylon  
  109  8:13  Zealot x2  
  109  8:14  Probe  
  109  8:15  Pylon  
  114  8:20  High Templar x2  
  114  8:24  Archon  
  114  8:25  Zealot  
  114  8:26  Zealot  
  121  8:30  Probe  
  120  8:35  Protoss Ground Weapons Level 2 (Chrono Boost)  
  120  8:36  Probe  
  120  8:37  Photon Cannon  
  120  8:39  Shield Battery  
  119  8:50  Observer, Immortal (Chrono Boost), Probe x2  
  119  8:51  Probe  
  126  8:58  Nexus  
  126  8:59  Pylon  
  126  9:01  Shield Battery  
  126  9:03  High Templar x2  
  126  9:04  Zealot x3  
  126  9:09  Archon  
  136  9:15  Stalker  
  138  9:19  Phoenix  
  138  9:23  Immortal  
  138  9:34  Shield Battery  
  138  9:37  Probe x3  
  141  9:41  Shield Battery  
  141  9:47  High Templar x2, Zealot  
  141  9:49  Probe x2  
  141  9:51  Archon  
  149  9:52  Photon Cannon  
  149  9:54  Pylon x2  
  149  9:55  Pylon  
  149  9:57  Gateway, Pylon  
  149  9:58  Gateway  
  149  10:09  Photon Cannon, Probe  
  149  10:11  Pylon  
  149  10:12  High Templar x2  
  149  10:13  Zealot x2  
  158  10:16  Archon  
  158  10:17  Observer  
  156  10:22  Zealot x4  
  156  10:26  Observer  
  164  10:31  Protoss Ground Weapons Level 3 (Chrono Boost)  
  162  10:36  Zealot x2  
  162  10:38  Pylon  
  166  10:44  Stalker x2  
  166  10:46  Zealot x2  
  170  11:01  Zealot  
  170  11:02  Stalker x3  
  170  11:03  Stalker x2  
  174  11:13  Zealot x4  
  176  11:20  Warp Prism  
  168  11:32  Robotics Bay  
  168  11:33  Robotics Facility  
  168  11:34  Zealot x7  
  168  11:37  Nexus  
  178  11:50  Probe x2  
  178  11:51  Probe  
  178  11:53  Pylon  
  181  11:54  Assimilator  
  181  11:55  Assimilator  
  181  11:57  Dark Shrine  
  181  11:58  Observer  
  182  12:07  Shield Battery  
  182  12:10  Shield Battery  
  182  12:12  Photon Cannon, Shield Battery  
  182  12:14  Photon Cannon  
  182  12:15  Photon Cannon  
  180  12:17  Shield Battery  
  180  12:20  Stalker x3  
  180  12:21  Zealot, Stalker  
  180  12:22  Zealot, Disruptor (Chrono Boost)  
  188  12:28  Disruptor (Chrono Boost), Probe x2  
  196  12:41  Gravitic Boosters  
  196  12:43  Disruptor  
  196  12:44  Photon Cannon  
  196  12:51  Protoss Ground Armor Level 1 (Chrono Boost)  
  198  13:03  Zealot  
  198  13:06  Disruptor (Chrono Boost)  
  188  13:20  Zealot x6  
  188  13:25  Nexus  
  188  13:26  Disruptor (Chrono Boost)  
  192  13:40  Stalker x6  
  198  13:43  Observer  
  198  13:48  Stalker x4  
  190  13:57  Disruptor  
  188  14:05  Observer, Stalker x3  
  188  14:06  Observer  
  188  14:08  Photon Cannon  
  188  14:30  Stalker x7  
  186  14:39  Photon Cannon  
  186  14:43  Stalker  
  186  14:44  Stalker x2  
  186  14:55  Stalker x2  
  186  14:56  Stalker x3  
Tags
 
Add a new tag
Caveats
  • Supply blocks, unpowered buildings, or Contaminate may cause inaccurate times.
  • Supply counts are checked every 10 seconds.